AA - U28
LINCOLN BIGHORNS @ HALIFAX FRIGATES
05/08/2052
 
TOP OF THE 1ST
Akron RubberDucks batting - Pitching for Holyoke Millers : LHP Max Reisig
Pitching: LHP Max Reisig
Batting: RHB Hector Roa 0-0: Ball
1-0: Called Strike
1-1: Ball
2-1: Foul Ball, location: 2F
2-2: Strikes out swinging
Batting: LHB Adonis Turner 0-0: Swinging Strike
0-1: Ball
1-1: Ball
2-1: SINGLE (Groundball, 25, EV 61.9 MPH) (infield hit)
Batting: RHB Jaden Tate 0-0: Ball
1-0: Foul Ball, location: 2F
1-1: Ball
2-1: Ball
3-1: Base on Balls
Adonis Turner to second
Batting: RHB Yasiel Astorga 0-0: Ball
1-0: Ball
2-0: Foul Ball, location: 2F
2-1: Swinging Strike
2-2: Strikes out swinging
Batting: RHB Quillan Hines 0-0: Called Strike
0-1: Ball
1-1: SINGLE (Groundball, 6MD, EV 98.1 MPH)
Adonis Turner to third
Jaden Tate to second
Runner from 3rd tries for Home, SAFE, throw by CF to home
Batting: SHB Jimmy Cameron 0-0: Called Strike
0-1: Ball
1-1: Foul Ball, location: 2F
1-2: Strikes out looking
Top of the 1st over - 1 run, 2 hits, 0 errors, 2 left on base; Akron 1 - Holyoke 0
BOTTOM OF THE 1ST
Holyoke Millers batting - Pitching for Akron RubberDucks : LHP Caleb O'Boyle
Pitching: LHP Caleb O'Boyle
Batting: RHB Javier Mojica 0-0: Foul Ball, location: 2F
0-1: Ground out 5-3 (Groundball, 56S, EV 86.2 MPH)
Batting: SHB Justin Mundy 0-0: Swinging Strike
0-1: Ball
1-1: Ball
2-1: Foul Ball, location: 2F
2-2: Strikes out swinging
Batting: LHB Bradford Seidl 0-0: Ball
1-0: Ball
2-0: Ball
3-0: Called Strike
3-1: Foul Ball, location: 2F
3-2: Strikes out swinging
Bottom of the 1st over - 0 runs, 0 hits, 0 errors, 0 left on base; Akron 1 - Holyoke 0
TOP OF THE 2ND
Akron RubberDucks batting - Pitching for Holyoke Millers : LHP Max Reisig
Batting: RHB Josh Tavano 0-0: Ground out 5-3 (Groundball, 5, EV 104.4 MPH)
Batting: LHB Kato Daly 0-0: Ball
1-0: Called Strike
1-1: Foul Ball, location: 2F
1-2: Ball
2-2: Foul Ball, location: 2F
2-2: Strikes out swinging
Batting: SHB Eddie Medina 0-0: Called Strike
0-1: Called Strike
0-2: Strikes out swinging
Top of the 2nd over - 0 runs, 0 hits, 0 errors, 0 left on base; Akron 1 - Holyoke 0
BOTTOM OF THE 2ND
Holyoke Millers batting - Pitching for Akron RubberDucks : LHP Caleb O'Boyle
Batting: RHB Jonell Hulett 0-0: Ground out 4-3 (Groundball, 4, EV 85.6 MPH)
Batting: RHB Mario Valdez 0-0: Ball
1-0: Ball
2-0: DOUBLE (Line Drive, 7LS, EV 93.8 MPH)
Batting: LHB Mauricio Julia 0-0: Swinging Strike
0-1: Called Strike
0-2: Ball
1-2: Ball
2-2: Strikes out looking
Batting: RHB Andrew Borack 0-0: SINGLE (Groundball, 56D, EV 103.8 MPH)
Mario Valdez to third
Runner from 3rd tries for Home, SAFE, throw by LF to home
Andrew Borack to second
Batting: RHB Ryan Howlin 0-0: Called Strike
0-1: Ball
1-1: Ball
2-1: Ball
3-1: Called Strike
3-2: Foul Ball, location: 2F
3-2: Ground out 5-3 (Groundball, 5, EV 86.2 MPH)
Bottom of the 2nd over - 1 run, 2 hits, 0 errors, 1 left on base; Akron 1 - Holyoke 1
TOP OF THE 3RD
Akron RubberDucks batting - Pitching for Holyoke Millers : LHP Max Reisig
Batting: RHB Hector Roa 0-0: Called Strike
0-1: SOLO HOME RUN (Flyball, 78XD, EV 103.8 MPH), Distance : 410 ft
Batting: LHB Adonis Turner 0-0: Called Strike
0-1: Ball
1-1: Swinging Strike
1-2: Strikes out swinging
Batting: RHB Jaden Tate 0-0: Ground out 4-3 (Groundball, 4, EV 85.6 MPH)
Batting: RHB Yasiel Astorga 0-0: Ball
1-0: Ball
2-0: Ball
3-0: Called Strike
3-1: Base on Balls
Batting: RHB Quillan Hines 0-0: Ball
1-0: Ball
2-0: Ball
3-0: Called Strike
3-1: Base on Balls
Yasiel Astorga to second
Batting: SHB Jimmy Cameron 0-0: Ball
1-0: Called Strike
1-1: Called Strike
1-2: Strikes out swinging
Top of the 3rd over - 1 run, 1 hit, 0 errors, 2 left on base; Akron 2 - Holyoke 1
BOTTOM OF THE 3RD
Holyoke Millers batting - Pitching for Akron RubberDucks : LHP Caleb O'Boyle
Batting: RHB Roberto Gonzalez 0-0: Called Strike
0-1: Ball
1-1: Foul Ball, location: 2F
1-2: Strikes out looking
Batting: RHB Javier Mojica 0-0: SINGLE (Line Drive, 5D, EV 96.9 MPH)
Batting: SHB Justin Mundy 0-0: Ball
1-0: Foul Ball, location: 2F
1-1: Foul Ball, location: 2F
1-2: Ball
2-2: Ball
3-2: Foul Ball, location: 2F
3-2: Base on Balls
Javier Mojica to second
Batting: LHB Bradford Seidl 0-0: Called Strike
0-1: Foul Ball, location: 2F
0-2: Foul Ball, location: 2F
0-2: Ball
1-2: Strikes out swinging
Batting: RHB Jonell Hulett 0-0: SINGLE (Groundball, 6M, EV 88.1 MPH) (infield hit)
Javier Mojica to third
Justin Mundy to second
Batting: RHB Mario Valdez 0-0: Fielders Choice at 2nd, 6-4 (Groundball, 6, EV 83.8 MPH)
Bottom of the 3rd over - 0 runs, 2 hits, 0 errors, 3 left on base; Akron 2 - Holyoke 1
TOP OF THE 4TH
Akron RubberDucks batting - Pitching for Holyoke Millers : LHP Max Reisig
Batting: RHB Josh Tavano 0-0: Ball
1-0: Fly out, F8 (Flyball, 8RXD, EV 97.5 MPH)
Batting: LHB Kato Daly 0-0: Ball
1-0: Called Strike
1-1: Fly out, F6 (Popup, 6D, EV 47.5 MPH)
Batting: SHB Eddie Medina 0-0: Ground out 5-3 (Groundball, 5, EV 81.9 MPH)
Top of the 4th over - 0 runs, 0 hits, 0 errors, 0 left on base; Akron 2 - Holyoke 1
BOTTOM OF THE 4TH
Holyoke Millers batting - Pitching for Akron RubberDucks : LHP Caleb O'Boyle
Batting: LHB Mauricio Julia 0-0: Ball
1-0: Swinging Strike
1-1: Ground out U3 (Groundball, 3, EV 107.5 MPH)
Batting: RHB Andrew Borack 0-0: Called Strike
0-1: Fly out, F3 (Flyball, 3D, EV 88.8 MPH)
Batting: RHB Ryan Howlin 0-0: Fly out, F3 (Popup, 3SF, EV 83.1 MPH)
Bottom of the 4th over - 0 runs, 0 hits, 0 errors, 0 left on base; Akron 2 - Holyoke 1
TOP OF THE 5TH
Akron RubberDucks batting - Pitching for Holyoke Millers : LHP Max Reisig
Batting: RHB Hector Roa 0-0: Called Strike
0-1: Foul Ball, location: 2F
0-2: Strikes out swinging
Batting: LHB Adonis Turner 0-0: Ball
1-0: Swinging Strike
1-1: Swinging Strike
1-2: Foul Ball, location: 2F
1-2: Ball
2-2: Strikes out swinging
Batting: RHB Jaden Tate 0-0: Ball
1-0: Foul Ball, location: 2F
1-1: Swinging Strike
1-2: Strikes out swinging
Top of the 5th over - 0 runs, 0 hits, 0 errors, 0 left on base; Akron 2 - Holyoke 1
BOTTOM OF THE 5TH
Holyoke Millers batting - Pitching for Akron RubberDucks : LHP Caleb O'Boyle
Batting: RHB Roberto Gonzalez 0-0: Foul Ball, location: 2F
0-1: Called Strike
0-2: Foul Ball, location: 2F
0-2: Ball
1-2: Strikes out swinging
Batting: RHB Javier Mojica 0-0: Called Strike
0-1: Ground out 5-3 (Groundball, 56, EV 84.4 MPH)
Batting: SHB Justin Mundy 0-0: Called Strike
0-1: Fly out, F5 (Popup, 56, EV 81.2 MPH)
Bottom of the 5th over - 0 runs, 0 hits, 0 errors, 0 left on base; Akron 2 - Holyoke 1
TOP OF THE 6TH
Akron RubberDucks batting - Pitching for Holyoke Millers : LHP Max Reisig
Batting: RHB Yasiel Astorga 0-0: Called Strike
0-1: Ball
1-1: Swinging Strike
1-2: Strikes out looking
Batting: RHB Quillan Hines 0-0: Called Strike
0-1: Ball
1-1: Ball
2-1: Ground out 6-3 (Groundball, 6MD, EV 96.9 MPH)
Batting: SHB Jimmy Cameron 0-0: Called Strike
0-1: Called Strike
0-2: Foul Ball, location: 2F
0-2: Ball
1-2: Ball
2-2: Ball
3-2: Base on Balls
Pitching: RHP J.F. Condes
Batting: RHB Josh Tavano 0-0: Foul Ball, location: 2F
0-1: Swinging Strike
0-2: SINGLE (Groundball, 3S, EV 96.2 MPH)
Jimmy Cameron to second
Runner from 2nd tries for 3rd, SAFE, no throw by RF
Batting: LHB Kato Daly 0-0: SINGLE (Groundball, 15S, EV 68.8 MPH) (infield hit)
Jimmy Cameron scores
Josh Tavano to second
Batting: SHB Eddie Medina 0-0: Ball
1-0: Foul Ball, location: 2F
1-1: Ball
2-1: Swinging Strike
2-2: DOUBLE (Line Drive, 9LS, EV 93.8 MPH)
Josh Tavano scores
Kato Daly to third
Runner from 3rd tries for Home, SAFE, throw by RF to home
Batting: RHB Hector Roa 0-0: Foul Ball, location: 2F
0-1: Ground out 4-3 (Groundball, 4, EV 99.4 MPH)
Top of the 6th over - 3 runs, 3 hits, 0 errors, 1 left on base; Akron 5 - Holyoke 1
BOTTOM OF THE 6TH
Holyoke Millers batting - Pitching for Akron RubberDucks : LHP Caleb O'Boyle
Batting: LHB Bradford Seidl 0-0: Foul Ball, location: 2F
0-1: Called Strike
0-2: Fly out, F4 (Popup, 4, EV 66.2 MPH)
Batting: RHB Jonell Hulett 0-0: Ball
1-0: Ball
2-0: Ball
3-0: Called Strike
3-1: Base on Balls
Batting: RHB Mario Valdez 0-0: Ball
1-0: Called Strike
1-1: TRIPLE (Flyball, 8RXD, EV 101.2 MPH)
Jonell Hulett scores
Batting: LHB Mauricio Julia 0-0: Ball
1-0: Foul Ball, location: 2F
1-1: Foul Ball, location: 2F
1-2: Foul Ball, location: 2F
1-2: SINGLE (Groundball, 56S, EV 68.1 MPH) (infield hit)
Mario Valdez scores
Batting: RHB Andrew Borack 0-0: Ball
1-0: Ball
2-0: Called Strike
2-1: Foul Ball, location: 2F
2-2: Strikes out looking
Mauricio Julia steals 2nd base
Batter strikes out.
Batting: RHB Ryan Howlin 0-0: Fly out, F9 (Flyball, 89M, EV 92.5 MPH)
Bottom of the 6th over - 2 runs, 2 hits, 0 errors, 1 left on base; Akron 5 - Holyoke 3
TOP OF THE 7TH
Akron RubberDucks batting - Pitching for Holyoke Millers : RHP J.F. Condes
Batting: LHB Adonis Turner 0-0: Called Strike
0-1: Ball
1-1: Ball
2-1: Called Strike
2-2: Strikes out swinging
Batting: RHB Jaden Tate 0-0: Ball
1-0: Ball
2-0: Swinging Strike
2-1: Ball
3-1: Swinging Strike
3-2: Base on Balls
Batting: RHB Yasiel Astorga 0-0: Called Strike
0-1: Foul Ball, location: 2F
0-2: Foul Ball, location: 2F
0-2: Foul Ball, location: 2F
0-2: Fly out, F8 (Flyball, 8RXD, EV 102.5 MPH)
Batting: RHB Quillan Hines 0-0: Called Strike
0-1: Called Strike
0-2: Ball
1-2: Ball
2-2: Strikes out swinging
Top of the 7th over - 0 runs, 0 hits, 0 errors, 1 left on base; Akron 5 - Holyoke 3
BOTTOM OF THE 7TH
Holyoke Millers batting - Pitching for Akron RubberDucks : LHP Caleb O'Boyle
Batting: RHB Roberto Gonzalez 0-0: Ball
1-0: Foul Ball, location: 2F
1-1: Ball
2-1: Foul Ball, location: 2F
2-2: Ball
3-2: Foul Ball, location: 2F
3-2: Base on Balls
Pitching: LHP Nat Dugan
Batting: RHB Javier Mojica 0-0: Ball
1-0: Called Strike
1-1: SINGLE (Flyball, 3D, EV 85.6 MPH)
Roberto Gonzalez to second
Runner from 2nd tries for 3rd, SAFE, throw by RF made to third
Batting: SHB Justin Mundy 0-0: Ball
1-0: Ball
2-0: Foul Ball, location: 2F
2-1: Foul Ball, location: 2F
2-2: Foul Ball, location: 2F
2-2: Strikes out swinging
Batting: LHB Bradford Seidl 0-0: Ball
1-0: Called Strike
Javier Mojica is caught stealing 2nd base 2-6
1-1: Ball
2-1: Ball
3-1: Base on Balls
Batting: RHB Jonell Hulett 0-0: DOUBLE (Line Drive, 78D, EV 106.2 MPH)
Roberto Gonzalez scores
Bradford Seidl to third
Runner from 3rd tries for Home, SAFE, no throw by LF
Batting: RHB Mario Valdez 0-0: Called Strike
0-1: Hit by Pitch
Pinch Hitting: RHB Antonio Jackson 0-0: Foul Ball, location: 2F
0-1: 3-RUN HOME RUN (Flyball, 7LD, EV 91.9 MPH), Distance : 344 ft
Pitching: RHP Mario Garcia
Batting: RHB Andrew Borack 0-0: Ground out 6-3 (Groundball, 6, EV 85.0 MPH)
Bottom of the 7th over - 5 runs, 3 hits, 0 errors, 0 left on base; Akron 5 - Holyoke 8
TOP OF THE 8TH
Akron RubberDucks batting - Pitching for Holyoke Millers : RHP J.F. Condes
Now in LF: Nate Wagner
Now in CF: Justin Mundy
Batting: SHB Jimmy Cameron 0-0: Ball
1-0: Ball
2-0: Ball
3-0: Called Strike
3-1: Called Strike
3-2: Foul Ball, location: 2F
3-2: Foul Ball, location: 2F
3-2: Fly out, F8 (Flyball, 8LM, EV 89.4 MPH)
Batting: RHB Josh Tavano 0-0: Ball
1-0: Ball
2-0: Called Strike
2-1: Foul Ball, location: 2F
2-2: SOLO HOME RUN (Flyball, 7D, EV 101.9 MPH), Distance : 388 ft
Pitching: LHP Jason Kunka
Pinch Hitting: SHB Daniel Rocha 0-0: Ball
1-0: Ball
2-0: Foul Ball, location: 2F
2-1: Foul Ball, location: 2F
2-2: Foul Ball, location: 2F
2-2: Ground out 6-3 (Groundball, 6, EV 105.0 MPH)
Batting: SHB Eddie Medina 0-0: Ball
1-0: Ball
2-0: SOLO HOME RUN (Flyball, 9D, EV 96.2 MPH), Distance : 362 ft
Batting: RHB Hector Roa 0-0: Ground out 4-3 (Groundball, 4, EV 86.2 MPH)
Top of the 8th over - 2 runs, 2 hits, 0 errors, 0 left on base; Akron 7 - Holyoke 8
BOTTOM OF THE 8TH
Holyoke Millers batting - Pitching for Akron RubberDucks : RHP Mario Garcia
Now in LF: Chris Weaver
Batting: RHB Ryan Howlin 0-0: Ball
1-0: Ball
2-0: Fly out, F9 (Flyball, 9LS, EV 88.1 MPH)
Batting: RHB Roberto Gonzalez 0-0: Foul Ball, location: 2F
0-1: Ground out 6-3 (Groundball, 6S, EV 66.9 MPH)
Batting: RHB Javier Mojica 0-0: Called Strike
0-1: Ball
1-1: Swinging Strike
1-2: Ball
2-2: Ball
3-2: Strikes out swinging
Bottom of the 8th over - 0 runs, 0 hits, 0 errors, 0 left on base; Akron 7 - Holyoke 8
TOP OF THE 9TH
Akron RubberDucks batting - Pitching for Holyoke Millers : LHP Jason Kunka
Pitching: RHP Esteban Osuna
Batting: LHB Adonis Turner 0-0: Ball
1-0: Swinging Strike
1-1: Foul Ball, location: 2F
1-2: Ball
2-2: Ground out 1-3 (Groundball, 15S, EV 68.1 MPH)
Batting: RHB Jaden Tate 0-0: Ball
1-0: Foul Ball, location: 2F
1-1: Foul Ball, location: 2F
1-2: Foul Ball, location: 2F
1-2: Foul Ball, location: 2F
1-2: Ball
2-2: Ground out 6-3 (Groundball, 6, EV 84.4 MPH)
Batting: RHB Yasiel Astorga 0-0: Fly out, F4 (Popup, 4, EV 76.2 MPH)
Top of the 9th over - 0 runs, 0 hits, 0 errors, 0 left on base; Akron 7 - Holyoke 8
Saturday, April 20th , 2024 - OOTP Baseball 24.11 Build 85